 Dungeon Crawl Stone Soup version 0.29-a0-506-ga2e7fffb44 (webtiles) character file.

Game seed: 14907460531308641983

133 benadryl the Ruffian (level 4, -1/42 HPs)
             Began as a Troll Transmuter on May 28, 2022.
             Was an Initiate of Yredelemnul.
             Succumbed to a water moccasin's poison
             ... on level 4 of the Dungeon.
             The game lasted 00:01:52 (2133 turns).

benadryl the Ruffian (Troll Transmuter)             Turns: 2133, Time: 00:01:52

Health: -1/42      AC:  4    Str: 17 (20) XL:     4   Next: 93%
Magic:  4/4        EV:  9    Int:  7 (9)  God:    Yredelemnul [......]
Gold:   143        SH:  0    Dex:  8 (10) Spells: 4/5 levels left

rFire   . . .      SeeInvis .     - Unarmed
rCold   . . .      Faith    .   (no shield)
rNeg    . . .      Spirit   .   a - +0 robe
rPois   .          Reflect  .   (helmet restricted)
rElec   .          Harm     .   (no cloak)
rCorr   .          Rampage  .   (gloves unavailable)
Will    .....                   (boots unavailable)
Stlth   +.........              (no amulet)
HPRegen 0.94/turn               (no ring)
MPRegen 0.09/turn               (no ring)

@: mighty, lethally poisoned (-1 -> -17)
A: large, unfitting armour, claws 3, regeneration 1, shaggy fur 1, tough skin 1
a: Renounce Religion, Recall Undead Harvest


You were on level 4 of the Dungeon.
You worshipped Yredelemnul.
Yredelemnul was noncommittal.
You visited 1 branch of the dungeon, and saw 4 of its levels.

You collected 143 gold pieces.

Inventory:

Armour
 a - a +0 robe (worn)
Jewellery
 j - a +4 ring of slaying
 l - a ring of magical power
Wands
 n - a wand of iceblast (14)
Scrolls
 c - 4 scrolls of identify {unknown}
 d - 3 scrolls of teleportation {unknown}
 e - a scroll of fog {unknown}
 f - a scroll of brand weapon {unknown}
 h - a scroll of noise {unknown}
Potions
 b - a potion of lignification
 g - a potion of might
 i - 2 potions of invisibility {unknown}
 k - a potion of degeneration
 m - a potion of brilliance {unknown}
 o - a potion of curing {unknown}


   Skills:
 + Level 2.2 Fighting
 - Level 1.5 Dodging
 * Level 5.0 Unarmed Combat
 - Level 1.2 Spellcasting
 - Level 1.3 Transmutations


You had 4 spell levels left.
You knew the following spells:

 Your Spells              Type           Power      Damage    Failure   Level
a - Beastly Appendage     Tmut           4%         N/A       24%         1

Your spell library contained the following spells:

 Spells                   Type           Power      Damage    Failure   Level
 Wereblood                Tmut           2%         N/A       34%         2
 Spider Form              Tmut/Pois      1%         N/A       67%         3
 Ice Form                 Ice/Tmut       1%         N/A       97%         4


Dungeon Overview and Level Annotations

Branches:
Dungeon (4/15)
 Temple: D:4-7

Altars:
Yredelemnul


Innate Abilities, Weirdness & Mutations

You are too large for most types of armour.
You have claws for hands.
Your natural rate of healing is unusually fast.
You are covered in fur. (AC +1)
You have tough skin. (AC +1)


Message History

You are poisoned.
The water moccasin poisons you!
Your orc zombie hits the water moccasin but does no damage.
You completely miss the water moccasin.
You feel very sick. The water moccasin bites you.
You are more poisoned.
The water moccasin poisons you!
Your orc zombie closely misses the water moccasin.
Your orc zombie barely misses the water moccasin.
You closely miss the water moccasin.
You feel very sick. The water moccasin barely misses you.
Your orc zombie misses the water moccasin.
The water moccasin bites you.
You claw the water moccasin!
The water moccasin is heavily wounded.
You feel very sick.
Your orc zombie barely misses the water moccasin.
The water moccasin barely misses you.
You closely miss the water moccasin.
The water moccasin is heavily wounded.
You feel very sick.
Your orc zombie misses the water moccasin.
The water moccasin bites you!
You are lethally poisoned!
The water moccasin poisons you!
Your orc zombie closely misses the water moccasin.
It was a potion of might.
You feel very mighty all of a sudden.
* * * LOW HITPOINT WARNING * * *
You feel extremely sick. The water moccasin bites you.
* * * LOW HITPOINT WARNING * * *
Your orc zombie closely misses the water moccasin. x2
It was a potion of degeneration.
There was something very wrong with that liquid.
You feel weakened.
You feel dopey.
You feel clumsy.
You die...
Your body rises from the dead as a mindless zombie. ...... ..... .... ##... .... #ZZ

#S#
#####@####
#...)<...#
#.###..#.#
#..# #
.... ...#.
.#.##..
.#.. ..
#<### ...


You could see a water moccasin (ally target) and 2 friendly orc zombies.

Vanquished Creatures
  An orc wizard (D:4)
  4 adders
  4 orcs (D:4)
  6 ball pythons
  9 endoplasms
  3 giant cockroaches
  4 goblins
  5 hobgoblins
  7 kobolds
  6 bats
  A frilled lizard (D:1)
  8 rats
58 creatures vanquished.

Vanquished Creatures (collateral kills)
  An adder (D:3)
  A rat (D:3)
2 creatures vanquished.

Grand Total: 60 creatures vanquished

Notes
Turn   | Place    | Note
-------+----------+-------------------------------------------
     0 | D:1      | benadryl the Troll Transmuter began the quest for the Orb.
     0 | D:1      | Reached XP level 1. HP: 18/18 MP: 1/1
    88 | D:1      | Reached skill level 1 in Fighting
   134 | D:1      | Reached XP level 2. HP: 27/27 MP: 2/2
   506 | D:1      | Found a faded altar of an unknown god.
   662 | D:1      | Reached XP level 3. HP: 33/33 MP: 3/3
   776 | D:2      | Found a basalt altar of Yredelemnul.
   822 | D:2      | Became a worshipper of Yredelemnul the Dark
   872 | D:2      | Reached skill level 4 in Unarmed Combat
  1291 | D:2      | Reached * piety under Yredelemnul
  1715 | D:3      | Reached XP level 4. HP: 42/42 MP: 4/4
  2118 | D:4      | Noticed a water moccasin
  2124 | D:4      | Reached skill level 5 in Unarmed Combat
  2133 | D:4      | Succumbed to a water moccasin's poison

Illustrated notes

Levels and vault maps discovered:
D:1:      minmay_arrival_cross, layout_basic,
          hellmonk_ecumenical_altar_pennies_from_heaven, kennysheep_boxes
D:2:      layout_basic, basic_altar
D:3:      layout_loops_ring, serial_rivers, chequers_serial_rivers_micro_a,
          chequers_serial_rivers_small_b, chequers_serial_rivers_micro_d,
          chequers_serial_rivers_small_a, chequers_serial_rivers_small_b
D:4:      layout_basic, minmay_temple_entry_glassed_door,
          biasface_ghost_orc_armoury, nrook_uturn, uniq_menkaure

Skill      XL: |  1  2  3  4 |
---------------+-------------+-----
Fighting       | 1 2 |  2.2
Unarmed Combat | 4 5 |  5.0
Dodging        | |  1.5
Spellcasting   | |  1.2
Transmutations | |  1.3

Action                   |  1- 3 |  4- 6 || total
-------------------------+-------+-------++-------
Melee: Unarmed           |   125 |    30 ||   155
  Use: Potion            |       |     2 ||     2
 Stab: Sleeping          |     1 |       ||     1
Armor: Robe              |    46 |     7 ||    53
Dodge: Dodged            |    52 |    15 ||    67

Table legend: (Time is in decaauts)
 A = Elapsed time spent in this place.
 B = Non-inter-level travel time spent in this place.
 C = Inter-level travel time spent in this place.
 D = Time resting spent in this place.
 E = Time spent auto-exploring this place.
 F = Levels seen in this place.
 G = Mean time per level.
                   A        B        C        D        E       F      G
               +--------+--------+--------+--------+--------+-----+--------+
         Total |   2127 |   2022 |    105 |      0 |   1675 |   4 |  531.8 |
       Dungeon |   2127 |   2022 |    105 |      0 |   1675 |   4 |  531.8 |
               +--------+--------+--------+--------+--------+-----+--------+

Top non-repeatable levels by time:
     D:2: 767 daAuts
     D:1: 708 daAuts
     D:3: 634 daAuts
     D:4: 16 daAuts
